 Dungeon Crawl Stone Soup version 0.23.2-1-ga50397a (webtiles) character file.

Game seed: 12206984722554075383

8703 doot the Geomancer (level 11, -9/72 HPs)
             Began as a Formicid Earth Elementalist on May 14, 2019.
             Was a Priest of Vehumet.
             Mangled by a minotaur (28 damage)
             ... in a Gauntlet.
             The game lasted 00:33:03 (9805 turns).

doot the Geomancer (Formicid Earth Elementalist)    Turns: 9805, Time: 00:33:04

Health: -9/72      AC:  4    Str: 11 (13) XL:     11   Next: 60%
Magic:  26/35      EV: 18    Int: 15 (18) God:    Vehumet [***...]
Gold:   129        SH:  0    Dex: 17 (18) Spells: 13/32 levels left

rFire    . . .     SeeInvis +   E - +8 whip "Spiderslayer" {drain, Dex+7}
rCold    . . .     Gourm    .   (no shield)
rNeg     . . .     Faith    .   c - +0 robe
rPois    .         Spirit   .   (helmet unavailable)
rElec    .         Reflect  .   u - +0 cloak
rCorr    .         Harm     .   h - +0 pair of gloves
MR       +....                  (no boots)
Stlth    +++.......             (no amulet)
HPRegen  0.22/turn              l - ring of magical power
MPRegen  0.24/turn              x - +4 ring of evasion

@: studying Earth Magic
A: permanent stasis, dig shafts and tunnels, four strong arms, antennae 3
a: Dig, Shaft Self, Renounce Religion


You were in a Gauntlet.
You worshipped Vehumet.
Vehumet was most pleased with you.
You were not hungry.

You visited 3 branches of the dungeon, and saw 11 of its levels.
You also visited: Gauntlet.

You collected 409 gold pieces.
You spent 280 gold pieces at shops.

Inventory:

Hand Weapons
 g - a +5 dagger
 r - a +1 spear of piercing
 E - the +8 whip "Spiderslayer" (weapon) {drain, Dex+7}
   (You took it off a crimson imp on level 6 of the Dungeon)

   A truly terrible weapon, it drains the life of those it strikes.
   It affects your dexterity (+7).
Missiles
 b - 44 stones (quivered)
Armour
 c - a +0 robe (worn)
 h - a +0 pair of gloves (worn)
 u - a +0 cloak (worn)
 v - the +3 chain mail "Jukac" {MR+}
   (You found it on level 4 of the Dungeon)

   It affects your resistance to hostile enchantments.
Magical Staves
 D - an uncursed staff of summoning
Jewellery
 l - a ring of magical power (left hand)
 p - an uncursed ring of positive energy
 x - a +4 ring of evasion (right hand)
 z - a +1 ring of protection
Wands
 K - a wand of enslavement (15)
 L - a wand of iceblast (15)
Scrolls
 f - 4 scrolls of magic mapping {unknown}
 j - 2 scrolls of teleportation
 k - 4 scrolls of remove curse
 m - 3 scrolls of immolation {unknown}
 o - 2 scrolls of blinking {unknown}
 s - 5 scrolls of enchant armour {unknown}
 t - 2 scrolls of noise {unknown}
 w - 2 scrolls of random uselessness {unknown}
 y - 4 scrolls of enchant weapon
 A - 3 scrolls of amnesia {unknown}
 I - 2 scrolls of fog {unknown}
Potions
 e - 9 potions of curing
 n - 2 potions of ambrosia
 C - a potion of berserk rage
 G - 6 potions of might
Books
 a - a manual of Earth Magic
Miscellaneous
 i - a lightning rod (4/4)
 q - a sack of spiders
 J - a phantom mirror
Comestibles
 d - 16 rations


   Skills:
 + Level 2.2 Fighting
 + Level 2.0 Short Blades
 + Level 3.3 Maces & Flails
 + Level 4.3 Dodging
 + Level 4.8 Stealth
 + Level 11.2 Spellcasting
 + Level 1.1 Conjurations
 + Level 1.1 Transmutations
 + Level 13.2 Earth Magic


You had 13 spell levels left.
You knew the following spells:

 Your Spells              Type           Power        Failure   Level  Hunger
a - Sandblast             Erth           #####.       1%          1    None
b - Stone Arrow           Conj/Erth      ####..       1%          3    None
c - Lee's Rapid Deconstr  Erth           #####.....   1%          5    #####..
d - Petrify               Tmut/Erth      ####....     4%          4    ###....
e - Conjure Flame         Conj/Fire      ##......     5%          3    None
f - Mephitic Cloud        Conj/Pois/Air  #.......     6%          3    None

Your spell library contained the following spells:

 Spells                   Type           Power        Failure   Level  Hunger
 Static Discharge         Conj/Air       ##......     5%          3    None
 Magic Dart               Conj           ##..         1%          1    None
 Passwall                 Tmut/Erth      ####....     1%          2    None
 Ignite Poison            Fire/Tmut/Pois #.......     6%          3    None
 Call Imp                 Summ           #.......     13%         2    None
 Slow                     Hex            #.......     13%         2    None
 Sublimation of Blood     Necr           #.........   13%         2    None
 Iron Shot                Conj/Erth      ####......   17%         6    ######.
 Irradiate                Conj/Tmut      ##........   36%         5    #####..
 Statue Form              Tmut/Erth      ####.....    56%         6    ######.
 Alistair's Intoxication  Tmut/Pois      ##......     88%         5    #####..
 Bolt of Fire             Conj/Fire      ##........   92%         6    ######.
 Ozocubu's Refrigeration  Ice            #.........   95%         6    ######.
 Darkness                 Hex            #.........   100%        6    ######.
 Death Channel            Necr           #.........   100%        6    ######.
 Hydra Form               Tmut           ##........   100%        6    ######.
 Simulacrum               Ice/Necr       #.........   100%        6    ######.
 Dragon Form              Tmut           ##........   100%        7    #######
 Blink                    Tloc           Unusable     N/A         2    N/A

Dungeon Overview and Level Annotations

Branches:
Dungeon (11/15)            Temple (1/1) D:5             Orc (1/2) D:10
   Lair: D:8-11

Altars:
Ashenzari
Cheibriados
Dithmenos
Elyvilon
Fedhas
Gozag
Hepliaklqana
Kikubaaqudgha
Makhleb
Nemelex Xobeh
Okawaru
Qazlal
Ru
Sif Muna
Trog
Uskayaw
Vehumet
Wu Jian
Xom
Yredelemnul
Zin
The Shining One

Shops:
D:5 =

Annotations:
D:7 Joseph Gauntlet 8 transporters, 2 runed translucent doors, exclusion: 2 lightning spires


Innate Abilities, Weirdness & Mutations

You cannot be hasted, slowed, berserked, paralysed or teleported.
You can dig through walls and to a lower floor.
Your four strong arms can wield two-handed weapons with a shield.
You have a pair of large antennae on your head. (SInv)


Message History

The fire ignites!
The minotaur is engulfed in blazing flames.
There is an open door here.
There is a gate leading back out of this place here.
Items here: (( / :::: ?? [ }
Okay, then.
Unknown command.
Unknown command.
Unknown command.
f - 4 scrolls labeled UJIECE KUUSAGU (gained 1)
A - 3 scrolls labeled UKHOSS SIGE (gained 1)
You pick up Geelotho's Sophisticated Witchcraft and begin reading...
You add the spells Iron Shot, Bolt of Fire, Darkness, Ozocubu's Refrigeration, Simulacrum and Death Channel to your library.
You pick up a book of Alchemy and begin reading...
You add the spells Sublimation of Blood, Ignite Poison, Alistair's Intoxication and Irradiate to your library.
You pick up a book of Transfigurations and begin reading...
You add the spells Statue Form, Hydra Form and Dragon Form to your library.
q - a sack of spiders The minotaur hits you!!
You die...

## ### #.
#.##.### #
..###.....# #.
.##@##.##.#
.##.##H##.##.## #
... #.#......# #.
#.# #.#.##.###
#.##.###'#.##.###
#.......(.......#
###.##.##.##.##.#
###.##.##.##.##.#
#..(............#


You could see a minotaur.

Vanquished Creatures
  A hydra (D:11)
  A catoblepas (Gauntlet)
  An orc knight (D:10)
  A moth of wrath (Gauntlet)
  Psyche (D:11)
  2 gargoyles (Gauntlet)
  An efreet (Gauntlet)
  9 yaks
  A hungry ghost (D:10)
  Menkaure (D:6)
  A water moccasin (D:10)
  3 orc warriors (D:10)
  An ice beast (D:10)
  2 sky beasts
  A black bear (D:6)
  2 ogres (D:10)
  3 phantoms
  4 wolves (Gauntlet)
  A centaur (D:5)
  A big kobold (D:10)
  9 bullfrogs
  A wyvern zombie (D:10)
  A howler monkey (D:6)
  4 crimson imps
  A centaur zombie (D:11)
  A bullfrog zombie (D:11)
  A jelly (D:6)
  A bullfrog skeleton (D:11)
  5 hounds
  3 orc priests
  2 centaur skeletons
  Natasha (thrice) (D:2)
  An iguana (D:10)
  4 orc wizards
  4 worker ants
  Terence (D:3)
  A hound skeleton (D:5)
  2 worker ant zombies
  3 gnolls (D:4)
  7 adders
  A shadow imp (D:11)
  3 oozes
  An adder zombie (D:5)
  3 adder skeletons
  2 worms
  A dart slug (D:1)
  5 leopard geckos
  32 orcs
  5 giant cockroaches
  11 goblins
  5 hobgoblins
  11 jackals
  5 quokkas
  2 ball pythons
  5 bats
  4 frilled lizards
  14 kobolds
  A quokka skeleton (D:4)
  10 rats
214 creatures vanquished.

Notes
Turn   | Place    | Note
-------+----------+-------------------------------------------
     0 | D:1      | doot the Formicid Earth Elementalist began the quest for
                  | the Orb.
     0 | D:1      | Reached XP level 1. HP: 13/13 MP: 3/3
   331 | D:1      | Reached skill level 4 in Earth Magic
   331 | D:1      | Reached XP level 2. HP: 19/19 MP: 3/5
   619 | D:1      | Reached XP level 3. HP: 24/24 MP: 5/7
   626 | D:1      | Learned a level 3 spell: Stone Arrow
   904 | D:2      | Reached XP level 4. HP: 30/30 MP: 5/8
   941 | D:2      | Reached skill level 5 in Earth Magic
  1062 | D:2      | Noticed Natasha
  1064 | D:2      | Killed Natasha
  1258 | D:2      | Noticed Natasha
  1413 | D:3      | Reached XP level 5. HP: 35/35 MP: 8/10
  1420 | D:3      | Learned a level 5 spell: Lee's Rapid Deconstruction
  1570 | D:2      | Killed Natasha
  1632 | D:2      | Found a glowing golden altar of the Shining One.
  1768 | D:2      | Noticed Natasha
  1775 | D:2      | Killed Natasha
  2189 | D:4      | Got a jewelled chain mail
  2199 | D:4      | Reached skill level 6 in Earth Magic
  2199 | D:4      | Reached XP level 6. HP: 34/41 MP: 5/12
  2262 | D:4      | Identified the +3 chain mail "Jukac" {MR+} (You found it on
                  | level 4 of the Dungeon)
  3048 | D:4      | Noticed a phantom
  3072 | D:5      | Entered Level 5 of the Dungeon
  3225 | D:5      | Found Jiskuoc's Jewellery Shoppe.
  3357 | D:5      | Found a staircase to the Ecumenical Temple.
  3361 | D:5      | Reached XP level 7. HP: 38/46 MP: 11/14
  3376 | Temple   | Entered the Ecumenical Temple
  3479 | Temple   | Became a worshipper of Vehumet
  3676 | D:4      | Reached skill level 5 in Spellcasting
  3676 | D:4      | Reached skill level 7 in Earth Magic
  3777 | D:3      | Noticed Terence
  4198 | D:3      | Killed Terence
  5043 | D:5      | Bought an uncursed ring of magical power for 280 gold
                  | pieces
  5132 | D:6      | You fall through a shaft!
  5141 | D:7      | Reached skill level 1 in Short Blades
  5315 | D:7      | Reached XP level 8. HP: 40/53 MP: 16/16
  5520 | D:7      | Found a sparkling altar of Nemelex Xobeh.
  5559 | D:7      | Reached skill level 1 in Fighting
  5706 | D:7      | Noticed Joseph
  6004 | D:6      | Reached skill level 8 in Earth Magic
  6226 | D:6      | Noticed Menkaure
  6232 | D:6      | Killed Menkaure
  6244 | D:6      | Identified the +8 whip "Spiderslayer" {drain, Dex+7}
  6249 | D:6      | Reached * piety under Vehumet
  6249 | D:6      | Offered knowledge of Flame Tongue by Vehumet.
  6249 | D:6      | Reached XP level 9. HP: 59/59 MP: 19/19
  6699 | D:6      | Reached skill level 9 in Earth Magic
  6782 | D:6      | Reached skill level 1 in Maces & Flails
  7063 | D:7      | You fall through a shaft for 3 floors!
  7063 | D:10     | Entered Level 10 of the Dungeon
  7307 | D:10     | Reached skill level 10 in Earth Magic
  7405 | D:10     | Reached XP level 10. HP: 67/67 MP: 22/22
  7418 | D:10     | Learned a level 4 spell: Petrify
  7422 | D:10     | Learned a level 3 spell: Conjure Flame
  7426 | D:10     | Learned a level 3 spell: Mephitic Cloud
  7469 | D:10     | Reached skill level 1 in Conjurations
  7499 | D:10     | Found a staircase to the Orcish Mines.
  7506 | D:10     | Reached ** piety under Vehumet
  7506 | D:10     | Offered knowledge of Sting by Vehumet.
  7948 | D:10     | Reached skill level 11 in Earth Magic
  8107 | Orc:1    | Entered Level 1 of the Orcish Mines
  8107 | Orc:1    | Noticed an orc knight
  8183 | D:10     | Offered knowledge of Ignite Poison by Vehumet.
  8190 | D:10     | Killed an orc knight
  8422 | D:11     | Noticed Psyche
  8428 | D:11     | Killed Psyche
  8454 | D:11     | Reached skill level 12 in Earth Magic
  8459 | D:11     | Reached *** piety under Vehumet
  8459 | D:11     | Reached skill level 10 in Spellcasting
  8459 | D:11     | Reached XP level 11. HP: 26/72 MP: 15/25
  8478 | D:11     | Noticed a five-headed hydra
  8492 | D:11     | Killed a five-headed hydra
  8568 | D:11     | Found a gate leading to a gauntlet.
  8595 | Gauntlet | Entered a Gauntlet
  8595 | Gauntlet | Found a transporter.
  8595 | Gauntlet | Found a runed translucent gate.
  8595 | Gauntlet | Found a runed translucent gate.
  8595 | Gauntlet | Noticed a catoblepas
  8694 | Gauntlet | Found a runed translucent gate.
  8700 | Gauntlet | Found a transporter.
  8702 | Gauntlet | Found a transporter.
  8717 | Gauntlet | Found a runed translucent door.
  8719 | Gauntlet | Found a transporter.
  8721 | Gauntlet | Found a transporter.
  8734 | Gauntlet | Found a transporter.
  8749 | Gauntlet | Found a transporter.
  8759 | Gauntlet | Found a transporter.
  8766 | Gauntlet | Noticed a thrashing horror
  8769 | Gauntlet | Found a transporter.
  8774 | Gauntlet | Found a transporter.
  8774 | Gauntlet | Found a transporter.
  8776 | Gauntlet | Found a transporter.
  8797 | Gauntlet | Found a transporter.
  8801 | Gauntlet | Noticed a moth of wrath
  8811 | Gauntlet | Found a runed translucent door.
  8813 | Gauntlet | Found a runed translucent door.
  8813 | Gauntlet | Found a transporter.
  8935 | Gauntlet | Killed a catoblepas
  8935 | Gauntlet | Reached skill level 13 in Earth Magic
  9144 | Gauntlet | Killed a moth of wrath
  9146 | Gauntlet | Offered knowledge of Static Discharge by Vehumet.
  9294 | Gauntlet | Noticed a minotaur
  9803 | Gauntlet | Identified Geelotho's Sophisticated Witchcraft
  9805 | Gauntlet | Mangled by a minotaur

Skill      XL: |  1  2  3  4  5  6  7  8  9 10 11 |
---------------+----------------------------------+-----
Earth Magic    | 4 5 6 7 8 10 12 13 | 13.2
Spellcasting   | 3 4 5 7 8 10 11 | 11.2
Dodging        | 2 3 4 |  4.3
Short Blades   | 1 2 |  2.0
Stealth        | 3 4 |  4.8
Fighting       | 1 2 |  2.2
Maces & Flails | 2 3 |  3.3
Conjurations   | 1 |  1.1
Transmutations | |  1.1

Action                   |  1- 3 |  4- 6 |  7- 9 | 10-12 || total
-------------------------+-------+-------+-------+-------++-------
Melee: Unarmed           |     1 |       |       |       ||     1
       Dagger            |       |    42 |    46 |       ||    88
       Whip              |       |       |    51 |    50 ||   101
 Cast: Sandblast         |    32 |    81 |    66 |    41 ||   220
       Stone Arrow       |       |     3 |     4 |     2 ||     9
       Lee's Rapid Decon |       |     4 |    14 |    53 ||    71
       Conjure Flame     |       |       |       |     5 ||     5
       Mephitic Cloud    |       |       |       |     2 ||     2
       Petrify           |       |       |       |     1 ||     1
 Abil: Dig               |       |     3 |       |       ||     3
       Shaft Self        |       |       |     1 |       ||     1
  Use: Scroll            |       |     3 |       |     6 ||     9
       Potion            |       |       |       |     6 ||     6
 Stab: Sleeping          |       |       |     2 |     1 ||     3
       Distracted        |       |       |     1 |       ||     1
  Eat: Chunk             |       |    10 |    15 |    16 ||    41
       Ration            |       |       |     1 |     1 ||     2
Armor: Robe              |     2 |    10 |    13 |     4 ||    29
       Skin              |       |       |       |     5 ||     5
Dodge: Dodged            |     5 |    48 |   104 |    67 ||   224
